 Dungeon Crawl Stone Soup version 0.31-a0-164-g2312942fda (webtiles) character file.

Game seed: 4338394396332779327

119 mandarbmax the Shooter (level 4, -2/25 HPs)
             Began as a Deep Elf Hexslinger on June 13, 2023.
             Was an Initiate of Hepliaklqana.
             Slain by a gnoll
             ... wielding a +0 club
              (8 damage)
             ... on level 4 of the Dungeon.
             The game lasted 00:06:38 (2322 turns).

mandarbmax the Shooter (Deep Elf Hexslinger)        Turns: 2322, Time: 00:06:39

Health: -2/25      AC:  2    Str:  5    XL:     4   Next: 74%
Magic:  9/9        EV: 13    Int: 20    God:    Hepliaklqana [......]
Gold:   156        SH:  0    Dex: 17    Spells: 3/7 levels left

rFire   . . .        a - +1 sling
rCold   . . .        (no shield)
rNeg    . . .        c - +0 robe
rPois   .            (no helmet)
rElec   .            (no cloak)
rCorr   .            (no gloves)
SInv    .            (no boots)
Will    .....        (no amulet)
Stlth   ++           (no ring)
HPRegen 0.24/turn    (no ring)
MPRegen 0.11/turn

%: no passive effects
@: no status effects
A: no striking features
a: Renounce Religion


You were on level 4 of the Dungeon.
You worshipped Hepliaklqana.
Hepliaklqana was noncommittal.
You visited 1 branch of the dungeon, and saw 4 of its levels.

You collected 156 gold pieces.

Inventory:

Hand Weapons
 a - a +1 sling (weapon)
Armour
 c - a +0 robe (worn)
Scrolls
 b - 2 scrolls of poison
 d - 2 scrolls of fog {unknown}
 e - 2 scrolls of amnesia {unknown}
 g - a scroll of silence {unknown}
 h - a scroll of butterflies {unknown}
 j - a scroll of enchant armour {unknown}
 k - a scroll of torment {unknown}
 l - 5 scrolls of teleportation {unknown}
 r - a scroll of enchant weapon {unknown}
 t - 3 scrolls of revelation {unknown}
Potions
 f - a potion of degeneration {unknown}
 i - a potion of magic {unknown}
 m - a potion of invisibility {unknown}
 n - a potion of cancellation {unknown}
 o - 3 potions of heal wounds {unknown}
 p - a potion of lignification {unknown}
 q - a potion of haste {unknown}
 s - a potion of enlightenment {unknown}


   Skills:
 - Level 1.0 Fighting
 + Level 5.5 Ranged Weapons
 - Level 3.0 Dodging
 - Level 2.0 Spellcasting
 - Level 4.0 Hexes
 + Level 1.8 Translocations


You had 3 spell levels left.
You knew the following spells:

 Your Spells              Type           Power      Damage    Failure   Level
a - Slow                  Hex            72%        N/A       3%          1
b - Portal Projectile     Hex/Tloc       26%        N/A       14%         3

Your spell library contained the following spells:

 Spells                   Type           Power      Damage    Failure   Level
 Confusing Touch          Hex            18%        N/A       9%          3
 Kiss of Death            Conj/Necr      8%         2d6       16%         1
 Inner Flame              Hex/Fire       10%        N/A       21%         3
 Cause Fear               Hex            9%         N/A       30%         4
 Dispel Undead            Necr           2%         3d7       83%         4


Dungeon Overview and Level Annotations

Branches:
Dungeon (4/15)
 Temple: D:4-7

Altars:
Elyvilon
Hepliaklqana
Nemelex Xobeh


Message History

The sling bullet barely misses the gnoll.
You shoot a sling bullet. The sling bullet hits the gnoll!
The gnoll is severely wounded.
You shoot a sling bullet. The sling bullet hits the gnoll.
The gnoll is almost dead.
The gnoll hits you with a +0 whip! The gnoll hits you with a +0 club.
You are too injured to fight recklessly!
You are too injured to fight recklessly!
The gnoll attacks as you move away! The gnoll hits you with a +0 club.
* * * LOW HITPOINT WARNING * * *
You are too injured to fight recklessly!
Fire: a) +1 sling
Press: ? - help, Q - select action, (/) - cycle Shift-Dir - straight line, f - gnoll
Aim: a gnoll, wielding a +0 club (64% to hit)
You shoot a sling bullet.
The sling bullet barely misses the gnoll.
Fire: a) +1 sling
Press: ? - help, Q - select action, (/) - cycle Shift-Dir - straight line, f/p - gnoll
Aim: a gnoll, wielding a +0 club (64% to hit)
You shoot a sling bullet.
The sling bullet closely misses the gnoll.
The gnoll hits you with a +0 club.
* * * LOW HITPOINT WARNING * * *
Fire: a) +1 sling
Press: ? - help, Q - select action, (/) - cycle Shift-Dir - straight line, f/p - gnoll
Aim: a gnoll, wielding a +0 club (64% to hit)
You shoot a sling bullet. The sling bullet hits the gnoll!
The gnoll is severely wounded.
The gnoll closely misses you.
Unknown command.
Unknown command.
Fire: a) +1 sling
Press: ? - help, Q - select action, (/) - cycle Shift-Dir - straight line, f/p - gnoll
Aim: a gnoll, wielding a +0 club (severely wounded, 64% to hit)
You shoot a sling bullet.
The sling bullet barely misses the gnoll.
The sling bullet hits the gnoll but does no damage.
The gnoll is almost dead.
The gnoll is no longer moving slowly.
The gnoll hits you with a +0 club!
You die...

........# .....#.#
........# #.##.#.##
........########.##.#..#
..............)......#.#
...................#..>#
#########............###.#
.....####.......†....# #.#
##. #....)............#
#.#
#...#.##.##@..........#
#.#
...).$#.g.#g..........#
#.#
#......g#.#...........#
#.....#...#.###.####
.....##.##.### #
#.##........# ...#..##..#
....#.. ... ...#.... ..##


You could see 2 gnolls.

Vanquished Creatures
  A gnoll (D:4)
  4 adders
  2 dart slugs (D:2)
  3 orcs
  8 ball pythons
  6 endoplasms
  2 giant cockroaches
  8 hobgoblins
  3 quokkas
  4 bats
  7 frilled lizards
  7 goblins
  5 kobolds
  6 rats
66 creatures vanquished.

Notes
Turn   | Place    | Note
-------+----------+-------------------------------------------
     0 | D:1      | mandarbmax the Deep Elf Hexslinger began the quest for the
                  | Orb.
     0 | D:1      | Reached XP level 1. HP: 11/11 MP: 5/5
    34 | D:1      | Found a faded altar of an unknown god.
   109 | D:1      | Reached skill level 1 in Fighting
   143 | D:1      | Reached skill level 3 in Ranged Weapons
   184 | D:1      | Reached XP level 2. HP: 16/16 MP: 5/7
   778 | D:2      | Reached skill level 4 in Ranged Weapons
   778 | D:2      | Reached XP level 3. HP: 20/20 MP: 8/8
  1190 | D:3      | Learned a level 3 spell: Portal Projectile
  1305 | D:3      | Reached skill level 5 in Ranged Weapons
  1407 | D:3      | Reached XP level 4. HP: 25/25 MP: 9/9
  1455 | D:3      | Found a white marble altar of Elyvilon.
  1603 | D:3      | Found a hazy altar of Hepliaklqana.
  1626 | D:3      | Became a worshipper of Hepliaklqana the Forgotten
  1693 | D:3      | Reached skill level 1 in Translocations
  1938 | D:3      | Found a sparkling altar of Nemelex Xobeh.
  2322 | D:4      | Slain by a gnoll

Illustrated notes

Levels and vault maps discovered:
D:1:      eino_arrival_cavern_b, layout_basic,
          hellmonk_ecumenical_altar_lost_god, serial_glass, glass_columns_a,
          glass_columns_b, glass_columns_a, glass_columns_a, glass_columns_b,
          serial_bayou_lagoon_b
D:2:      layout_rooms
D:3:      layout_loops_cross, mainiacjoe_overflow_swirl, amcnicky_altar_gilded,
          kennysheep_cross_room, serial_bayou_lagoon_a, item_on_display_a
D:4:      layout_basic, hangedman_decor_clover_reticule

Skill      XL: |  1  2  3  4 |
---------------+-------------+-----
Fighting       | 1 |  1.0
Ranged Weapons | 3 4 5 |  5.5
Spellcasting   | 2 |  2.0
Dodging        | 3 |  3.0
Translocations | 1 |  1.8
Hexes          | |  4.0

Action                     |  1- 3 |  4- 6 || total
---------------------------+-------+-------++-------
   Fire: Sling             |   136 |    77 ||   213
   Cast: Slow              |    18 |     7 ||    25
 Armour: Robe              |     5 |     6 ||    11
  Dodge: Dodged            |    32 |    13 ||    45

Table legend: (Time is in decaauts)
 A = Elapsed time spent in this place.
 B = Non-inter-level travel time spent in this place.
 C = Inter-level travel time spent in this place.
 D = Time resting spent in this place.
 E = Time spent auto-exploring this place.
 F = Levels seen in this place.
 G = Mean time per level.
                   A        B        C        D        E       F      G
               +--------+--------+--------+--------+--------+-----+--------+
         Total |   2379 |   2321 |     58 |      0 |   1851 |   4 |  594.8 |
       Dungeon |   2379 |   2321 |     58 |      0 |   1851 |   4 |  594.8 |
               +--------+--------+--------+--------+--------+-----+--------+

Top non-repeatable levels by time:
     D:3: 927 daAuts
     D:1: 722 daAuts
     D:2: 494 daAuts
     D:4: 234 daAuts
